 Dungeon Crawl Stone Soup version 0.32-a0-43-g058985b245 (webtiles) character file.

Game seed: 14409562980041416501

111 PriceMaster the Firebug (level 4, -14/27 HPs)
             Began as an Octopode Fire Elementalist on Feb 3, 2024.
             Killed by an exploding ball python (41 damage)
             ... ignited by their inner flame
             ... on level 3 of the Dungeon on Feb 4, 2024.
             The game lasted 00:05:21 (4727 turns).

PriceMaster the Firebug (OpFE)                      Turns: 4727, Time: 00:05:23

Health: -14/27     AC:  1    Str:  7    XL:     4   Next: 92%
Magic:  3/8        EV: 13    Int: 19    God:
Gold:   126        SH:  5    Dex: 12    Spells: 2/8 levels left

rFire   . . .        a - +0 whip
rCold   . . .        (no shield)
rNeg    + . .        (helmet restricted)
rPois   .            b - amulet of reflection
rElec   .            g - ring of positive energy
rCorr   +            h - ring of resist corrosion
SInv    .            (no ring)
Will    .....        (no ring)
Stlth   +++          (no ring)
HPRegen 0.24/turn    (no ring)
MPRegen 0.11/turn    (no ring)
                     (no ring)

%: reflection
@: no status effects
A: almost no armour, amphibious, 8 rings, camouflage 1, gelatinous body 1,
(nimble swimmer 1), tentacles
a: no special abilities


You were on level 3 of the Dungeon.
You visited 1 branch of the dungeon, and saw 3 of its levels.

You collected 126 gold pieces.

Inventory:

Hand Weapons
 a - a +0 whip (weapon)
 f - a +0 club
Jewellery
 b - an amulet of reflection (around mantle)
 g - a ring of positive energy (left tentacle)
 h - a ring of resist corrosion (right tentacle)
 m - an amulet of faith
Scrolls
 d - a scroll of immolation {unknown}
 e - a scroll of fog
 k - a scroll of revelation {unknown}
 l - a scroll of blinking {unknown}
Potions
 c - 2 potions of curing {unknown}
 i - 2 potions of enlightenment {unknown}
 j - a potion of might {unknown}
 n - a potion of degeneration {unknown}


   Skills:
 + Level 0.6 Fighting
 + Level 0.1 Maces & Flails
 + Level 2.4 Dodging
 + Level 3.5 Stealth
 + Level 2.9 Spellcasting
 + Level 1.7 Conjurations
 + Level 0.6 Hexes
 + Level 3.6 Fire Magic


You had 2 spell levels left.
You knew the following spells:

 Your Spells              Type           Power      Damage    Failure   Level
a - Foxfire               Conj/Fire      52%        2x1d6     4%          1
b - Scorch                Fire           32%        2d6       4%          2
c - Inner Flame           Hex/Fire       10%        N/A       19%         3

Your spell library contained the following spells:

 Spells                   Type           Power      Damage    Failure   Level
 Volatile Blastmotes      Fire/Tloc      18%        2d11      22%         3
 Flame Wave               Conj/Fire      13%        2d6       45%         4


Dungeon Overview and Level Annotations

Branches:
Dungeon (3/15)

Altars:


Innate Abilities, Weirdness & Mutations

You cannot wear most types of armour.
You are amphibious.
You can wear up to eight rings at the same time.
Your skin changes colour to match your surroundings (Stealth+).
Your rubbery body absorbs attacks. (AC +1, EV +1)
((You are camouflaged when in or above water. (Stealth+)))
You have tentacles for arms and can constrict up to eight enemies at once.


Message History

You conjure some foxfire!
Your foxfire dissipates! x2
Casting: Foxfire (safe; 4% risk of failure)
Confirm with . or Enter, or press ? or * to list all spells.
You conjure some foxfire!
Your foxfire dissipates! x3
Casting: Foxfire (safe; 4% risk of failure)
Confirm with . or Enter, or press ? or * to list all spells.
You conjure some foxfire!
Your foxfire dissipates!
Saving game... please wait.
Welcome back, PriceMaster the Octopode Fire Elementalist.
Press ? for a list of commands and other information.
Your foxfire dissipates! x2
Your foxfire dissipates! x3
Magic restored.
You see here a +0 club.
You see here a +0 club.
You see here a +0 spear.
n - a grey potion
i - 2 inky potions (gained 1)
A ball python comes into view.
A ball python is nearby!
A ball python is nearby!
Cast which spell? (? or * to list)
Aiming: Inner Flame (quite dangerous; 19% risk of failure)
Press: ? - help, Dir - move target, f - ball python
Aim: a ball python (wandering, hasn't noticed you, chance to affect: 76%)
The ball python is filled with an inner flame.
The ball python barely misses you. The ball python closely misses you.
Casting: Inner Flame (quite dangerous; 19% risk of failure)
Confirm with . or Enter, or press ? or * to list all spells.
Flames lash the ball python.
Flame seeps out of the ball python.
The ball python is severely wounded.
The ball python's fire resistance burns away.
The ball python is engulfed in blazing flames.
The ball python explodes!
The fiery explosion engulfs you!!!
Ouch! That really hurt!
You die...

####..^......)))..#
##...........#####..#
............# #..#
#.####....### #.)# #
##.# #....# #####..#
#.#...###.#.##
#..§...#
#......##.#.#
#.####.#
#...........# #.# #.#
#...§.@##.### #.#
##.# #...§○###.# #.#
#... #..#§# #.# #.#
#.S. #.... ..# #.#
#... #....
..######.###... ##..
#............... #..
########..###... #.
#..# ##.#
..#######..####)#


There were no monsters in sight!

Vanquished Creatures
  4 gnolls
  An adder (D:2)
  A ribbon worm (D:2)
  3 bats
  7 endoplasms
  2 giant cockroaches (D:1)
  7 goblins
  A hobgoblin (D:2)
  5 jackals (D:2)
  9 kobolds
  5 quokkas (D:1)
  4 ball pythons
  3 frilled lizards
  6 rats
58 creatures vanquished.

Vanquished Creatures (collateral kills)
  6 foxfires (D:1)
6 creatures vanquished.

Vanquished Creatures (others)
  131 foxfires
131 creatures vanquished.

Grand Total: 195 creatures vanquished

Notes
Turn   | Place    | Note
-------+----------+-------------------------------------------
     0 | D:1      | PriceMaster the Octopode Fire Elementalist began the quest
                  | for the Orb.
     0 | D:1      | Reached XP level 1. HP: 11/11 MP: 3/3
   763 | D:1      | Reached XP level 2. HP: 17/17 MP: 1/5
   766 | D:1      | Learned a level 2 spell: Scorch
   853 | D:1      | Reached XP level 3. HP: 19/21 MP: 0/6
   857 | D:1      | Learned a level 3 spell: Inner Flame
  2652 | D:2      | Reached XP level 4. HP: 23/27 MP: 0/8
  4727 | D:3      | Killed by an exploding ball python... ignited by their
                  | inner flame

Illustrated notes

Levels and vault maps discovered:
D:1:      minmay_arrival_open_corners, layout_basic, serial_bayou_lake_a
D:2:      layout_loops_cross, nicolae_elevator_lobby_plus
D:3:      layout_loops_ring

Skill      XL: |  1 |
---------------+----+-----
Stealth        | 3 |  3.5
Fighting       | |  0.6
Maces & Flails | |  0.1
Dodging        | |  2.4
Spellcasting   | |  2.9
Conjurations   | |  1.7
Hexes          | |  0.6
Fire Magic     | |  3.6

Action                     |  1- 3 |  4- 6 || total
---------------------------+-------+-------++-------
  Melee: Unarmed           |    28 |       ||    28
         Tentacles         |    11 |     1 ||    12
         Constrict         |    10 |     1 ||    11
         Whip              |    36 |     5 ||    41
   Cast: Foxfire           |    56 |    28 ||    84
         Scorch            |     5 |     3 ||     8
         Inner Flame       |     6 |     6 ||    12
    Use: Potion            |     1 |       ||     1
         Scroll            |     3 |       ||     3
   Stab: Sleeping          |     3 |     1 ||     4
 Armour: Skin              |    28 |     2 ||    30
  Dodge: Dodged            |    54 |     2 ||    56
  Block: Other             |       |     1 ||     1

Table legend: (Time is in decaauts)
 A = Elapsed time spent in this place.
 B = Non-inter-level travel time spent in this place.
 C = Inter-level travel time spent in this place.
 D = Time resting spent in this place.
 E = Time spent auto-exploring this place.
 F = Levels seen in this place.
 G = Mean time per level.
                   A        B        C        D        E       F      G
               +--------+--------+--------+--------+--------+-----+--------+
         Total |   4729 |   4649 |     80 |   2576 |   1625 |   3 | 1576.3 |
       Dungeon |   4729 |   4649 |     80 |   2576 |   1625 |   3 | 1576.3 |
               +--------+--------+--------+--------+--------+-----+--------+

Top non-repeatable levels by time:
     D:1: 2298 daAuts
     D:2: 1498 daAuts
     D:3: 932 daAuts
